 Dungeon Crawl Stone Soup version 0.29.1-1-gd02db6906a (webtiles) character file.

Game seed: 16082214272652232864

79 LustLizard the Slasher (level 4, -1/36 HPs)
             Began as a Human Monk on Oct 21, 2022.
             Killed from afar by Natasha (4 damage)
             ... with a magic dart
             ... on level 2 of the Dungeon.
             The game lasted 00:02:46 (2400 turns).

LustLizard the Slasher (Human Monk)                 Turns: 2400, Time: 00:02:48

Health: -1/36      AC:  5    Str: 11    XL:     4   Next: 64%
Magic:  4/4        EV: 11    Int: 17    God:
Gold:   42         SH:  0    Dex: 17    Spells: 3/3 levels left

rFire   . . .      SeeInvis .   a - +0 falchion
rCold   . . .      Faith    .   (no shield)
rNeg    . . .      Spirit   .   l - +0 ring mail
rPois   .          Reflect  .   (no helmet)
rElec   .          Harm     .   (no cloak)
rCorr   .          Rampage  .   (no gloves)
Will    .....                   (no boots)
Stlth   +.........              (no amulet)
HPRegen 0.12/turn               e - +6 ring of intelligence
MPRegen 0.09/turn               (no ring)

@: slowed, very slow
A: no striking features
a: no special abilities


You were on level 2 of the Dungeon.
You visited 1 branch of the dungeon, and saw 2 of its levels.

You collected 42 gold pieces.

Inventory:

Hand Weapons
 a - a +0 falchion (weapon)
Missiles
 j - 20 stones (quivered)
 o - a throwing net
Armour
 b - a +0 robe
 l - a +0 ring mail (worn)
 n - a +0 chain mail
Jewellery
 e - a +6 ring of intelligence (left hand)
Scrolls
 d - 6 scrolls of identify {unknown}
 f - 4 scrolls of teleportation {unknown}
 g - a scroll of enchant weapon {unknown}
 i - a scroll of butterflies {unknown}
 m - a scroll of torment {unknown}
Potions
 c - 3 potions of berserk rage {unknown}
 h - 2 potions of brilliance {unknown}
 k - a potion of degeneration {unknown}
 p - 2 potions of lignification {unknown}
 q - a potion of might {unknown}


   Skills:
 + Level 3.6 Fighting
 * Level 4.1 Long Blades
 * Level 1.7 Throwing
 - Level 3.0 Dodging
 - Level 2.0 Stealth


You had 3 spell levels left.
You didn't know any spells.
Your spell library was empty.

Dungeon Overview and Level Annotations

Branches:
Dungeon (2/15)

Altars:
Ru

Annotations:
D:2 Natasha


Message History

You hit Natasha.
Natasha is lightly wounded.
Natasha claws you!
The white imp summons a swarm of flies.
Natasha casts a spell.
You hit Natasha but do no damage.
Natasha is lightly wounded.
Natasha casts a spell at you.
You feel yourself slow down. The crimson imp barely misses you.
You barely miss Natasha.
Natasha is lightly wounded.
The crimson imp closely misses you. Natasha closely misses you.
You hit Natasha.
Natasha is moderately wounded.
Natasha mumbles some strange words.
Natasha's front paws start to glow.
Natasha stares at you and mumbles some strange words.
You feel as though you will be slow longer.
The crimson imp shouts, "Bolt, thou errant dismal-dreaming crab-lanthorn!"
The crimson imp closely misses you. The crimson imp misses you.
Natasha stares at you and mumbles some strange words.
The magic dart hits you.
You hit Natasha.
Natasha is severely wounded.
The white imp disappears in a puff of smoke!
Natasha howls an incantation.
Natasha's front paws start to glow.
Natasha claws you. The crimson imp closely misses you.
The crimson imp blinks!
Natasha barely misses you.
You hit Natasha.
Natasha is severely wounded.
Natasha claws you!
* * * LOW HITPOINT WARNING * * *
You hit Natasha.
Natasha is almost dead.
Natasha claws you!
* * * LOW HITPOINT WARNING * * *
Natasha stares at you and mumbles some strange words.
The magic dart hits you.
You die...

#####..# #..#
#######..## .......†...
#######..## #..## #....
####################.###
.....5h@.............#
######################


You could see Natasha and a crimson imp (summoned).

Vanquished Creatures
  An adder (D:2)
  2 gnolls (D:2)
  A dart slug (D:1)
  6 ball pythons
  5 endoplasms
  3 giant cockroaches
  4 hobgoblins (D:2)
  4 jackals (D:1)
  3 kobolds
  6 quokkas
  3 bats
  2 frilled lizards (D:2)
  4 rats
44 creatures vanquished.

Notes
Turn   | Place    | Note
-------+----------+-------------------------------------------
     0 | D:1      | LustLizard the Human Monk began the quest for the Orb.
     0 | D:1      | Reached XP level 1. HP: 18/18 MP: 1/1
   252 | D:1      | Reached XP level 2. HP: 23/24 MP: 2/2
   269 | D:1      | HP: 1/24 [jackal (2)]
   581 | D:1      | Found a faded altar of an unknown god.
   603 | D:1      | Reached XP level 3. HP: 28/29 MP: 3/3
  1357 | D:2      | Reached skill level 1 in Throwing
  1452 | D:2      | Found a sacrificial altar of Ru.
  1464 | D:2      | Reached XP level 4. HP: 31/35 MP: 4/4
  1661 | D:2      | Reached skill level 4 in Long Blades
  2381 | D:2      | Noticed Natasha
  2400 | D:2      | Killed from afar by Natasha

Illustrated notes

Levels and vault maps discovered:
D:1:      wheals_arrival_shading, layout_basic,
          ebering_ecumenical_altar_sacrificial, minmay_statues_item
D:2:      layout_basic, basic_altar, uniq_natasha

Skill      XL: |  1  2  3  4 |
---------------+-------------+-----
Throwing       | 1 |  1.7
Long Blades    | 4 |  4.1
Fighting       | |  3.6
Dodging        | |  3.0
Stealth        | |  2.0

Action                   |  1- 3 |  4- 6 || total
-------------------------+-------+-------++-------
Melee: Falchion          |   118 |    70 ||   188
       Punch             |     1 |       ||     1
Throw: Stone             |       |     7 ||     7
  Use: Potion            |     1 |       ||     1
 Stab: Sleeping          |     7 |       ||     7
Armor: Robe              |    12 |       ||    12
       Ring mail         |    23 |    13 ||    36
Dodge: Dodged            |    86 |    44 ||   130
